 Dungeon Crawl Stone Soup version 0.25-a0-631-gc915619fb7 (webtiles) character file.

Game seed: 15789540276004919107, levelgen mode: deterministic

102 Jabu the Conjurer (level 4, -4/36 HPs)
             Began as a Draconian Conjurer on Mar 18, 2020.
             Slain by Sigmund
             ... wielding a +0 scythe
              (11 damage)
             ... on level 3 of the Dungeon.
             The game lasted 00:22:31 (1985 turns).

Jabu the Conjurer (Draconian Conjurer)              Turns: 1985, Time: 00:22:32

Health: -4/36      AC:  5    Str: 10    XL:     4   Next: 50%
Magic:  8/8        EV: 12    Int: 16    God:
Gold:   215        SH:  0    Dex: 12    Spells: 8/9 levels left

rFire    . . .     SeeInvis .   o - +1 dagger (drain)
rCold    . . .     Gourm    .   (no shield)
rNeg     . . .     Faith    .   (armour unavailable)
rPois    .         Spirit   .   (helmet restricted)
rElec    .         Reflect  .   (no cloak)
rCorr    .         Harm     .   (no gloves)
MR       .....                  (no boots)
Stlth    ++........             (no amulet)
HPRegen  0.12/turn              (no ring)
MPRegen  0.11/turn              (no ring)

@: no status effects
A: unfitting armour, cold-blooded, AC +5
a: no special abilities


You were on level 3 of the Dungeon.
You were not hungry.

You visited 1 branch of the dungeon, and saw 3 of its levels.

You collected 215 gold pieces.

Inventory:

Hand Weapons
 a - a +1 whip of flaming
 o - a +1 dagger of draining (weapon)
Missiles
 d - 80 stones (quivered)
Jewellery
 m - an uncursed ring of stealth {unknown}
Scrolls
 f - a scroll of teleportation {unknown}
 h - a scroll of remove curse {unknown}
 i - a scroll of enchant weapon {unknown}
 j - 4 scrolls of identify {unknown}
 k - 2 scrolls of amnesia {unknown}
 p - 2 scrolls of enchant armour {unknown}
Potions
 c - a potion of lignification {unknown}
 e - a potion of flight {unknown}
 g - a potion of magic {unknown}
 l - a potion of heal wounds {unknown}
Comestibles
 b - 5 rations


   Skills:
 + Level 2.0 Fighting
 - Level 2.0 Dodging
 - Level 1.8 Stealth
 + Level 3.0 Spellcasting
 + Level 4.8 Conjurations


You had 8 spell levels left.
You knew the following spells:

 Your Spells              Type           Power        Failure   Level  Hunger
a - Magic Dart            Conj           ###.         2%          1    #......

Your spell library contained the following spells:

 Spells                   Type           Power        Failure   Level  Hunger
 Searing Ray              Conj           ###...       4%          2    ##.....
 Dazzling Flash           Conj/Hex       ##....       22%         3    ###....
 Fulminant Prism          Conj/Hex       ##........   56%         4    #####..
 Iskenderun's Mystic Bla  Conj/Tloc      ##......     56%         4    #####..


Dungeon Overview and Level Annotations

Branches:
Dungeon (3/15)

Altars:
Gozag

Annotations:
D:3 Sigmund


Innate Abilities, Weirdness & Mutations

Your plain brown scales are hard. (AC +5)
You cannot fit into any form of body armour.
You are cold-blooded and may be slowed by cold attacks.


Message History

Sigmund casts a spell.
Sigmund flickers and vanishes!
Deactivating autopickup; reactivate with Ctrl-A.
There is a strange disturbance nearby!
Something hits you!
A puff of flame appears from out of thin air!
The puff of flame hits you!
Something tries to affect you, but you resist.
A magic dart appears from out of thin air!
The magic dart hits you.
A magic dart appears from out of thin air!
The magic dart hits you.
You are confused.
You bump into the rock wall.
Something hits you!
* * * LOW HITPOINT WARNING * * *
You bump into the rock wall.
All of the chunks of flesh in your inventory have rotted away.
You feel less confused. Something hits you!
You die...

########
#@....<#
#.###### #.#
#.# #.# #.####
#....#
############.#
#..........#.#


There were no monsters in sight!

Vanquished Creatures
  An adder (D:2)
  3 gnolls (D:2)
  A worm (D:3)
  A dart slug (D:2)
  An orc (D:2)
  3 giant cockroaches
  7 goblins
  10 hobgoblins
  5 jackals (D:3)
  A ball python (D:2)
  2 bats
  4 frilled lizards
  6 kobolds
  14 rats
59 creatures vanquished.

Notes
Turn   | Place    | Note
-------+----------+-------------------------------------------
     0 | D:1      | Jabu the Draconian Conjurer began the quest for the Orb.
     0 | D:1      | Reached XP level 1. HP: 14/14 MP: 3/3
   155 | D:1      | Reached XP level 2. HP: 18/20 MP: 0/5
   795 | D:2      | Reached skill level 1 in Fighting
   883 | D:2      | Reached XP level 3. HP: 28/28 MP: 1/6
  1105 | D:2      | Reached XP level 4. HP: 26/35 MP: 2/8
  1672 | D:3      | Found an opulent altar of Gozag.
  1946 | D:3      | Noticed Sigmund
  1985 | D:3      | Slain by Sigmund

Levels and vault maps discovered:
D:1:      psy_arrival_terrarium, layout_loops_ring
D:2:      layout_basic, serial_glass, glass_columns_c, glass_columns_b
D:3:      layout_basic, grunt_gozag_breadcrumbs, first_ration, minivault_4,
          uniq_sigmund

Skill      XL: |  1  2  3  4 |
---------------+-------------+-----
Dodging        | 2 |  2.0
Fighting       | 1 2 |  2.0
Spellcasting   | 3 |  3.0
Stealth        | |  1.8
Conjurations   | |  4.8

Action                   |  1- 3 |  4- 6 || total
-------------------------+-------+-------++-------
Melee: Unarmed           |    30 |       ||    30
       Tailslap          |     9 |     1 ||    10
       Dagger            |    32 |    14 ||    46
       Short sword       |     9 |       ||     9
 Cast: Magic Dart        |    54 |    40 ||    94
 Stab: Sleeping          |       |     1 ||     1
  Eat: Chunk             |     1 |     3 ||     4
Armor: Skin              |    12 |       ||    12
Dodge: Dodged            |    44 |     8 ||    52

Table legend:
 A = Non-vault XP
 B = Vault XP
 C = Vault XP percentage of total XP
 D = Non-vault monster count
 E = Vault monster count
 F = Vault count percentage of total count
                 A         B        C        D         E       F
            +---------+---------+-------+---------+---------+-------
      Total |     147 |       0 |   0.0 |      59 |       0 |   0.0
            +---------+---------+-------+---------+---------+-------
        D:1 |      30 |       0 |   0.0 |      21 |       0 |   0.0
        D:2 |      97 |       0 |   0.0 |      29 |       0 |   0.0
        D:3 |      20 |       0 |   0.0 |       9 |       0 |   0.0
            +---------+---------+-------+---------+---------+-------
